 Dungeon Crawl Stone Soup version 0.26.1-11-gd32895ea62 (webtiles) character file.

Game seed: 3887784029376530402

193 Jerry the Skirmisher (level 5, -7/42 HPs)
             Began as a Demonspawn Fighter on July 1, 2021.
             Mangled by a gnoll
             ... wielding a +0 halberd
              (13 damage)
             ... on level 3 of the Dungeon.
             The game lasted 00:04:59 (2633 turns).

Jerry the Skirmisher (Demonspawn Fighter)           Turns: 2633, Time: 00:04:59

Health: -7/42      AC:  8    Str: 17    XL:     5   Next: 44%
Magic:  5/5        EV:  9    Int:  9    God:
Gold:   106        SH:  0    Dex: 13    Spells: 4/4 levels left

rFire    . . .     SeeInvis .   a - +0 long sword
rCold    + . .     Faith    .   (no shield)
rNeg     . . .     Spirit   .   b - +0 scale mail
rPois    .         Reflect  .   (helmet restricted)
rElec    .         Harm     .   f - +0 cloak
rCorr    .         Rampage  .   (no gloves)
Will     .....                  (no boots)
Stlth    ..........             (no amulet)
HPRegen  0.14/turn              m - ring of attention (curse)
MPRegen  0.09/turn              (no ring)

@: no status effects
A: antennae 1, cold resistance 1, powered by death 1
a: no special abilities


You were on level 3 of the Dungeon.
You visited 1 branch of the dungeon, and saw 3 of its levels.

You collected 106 gold pieces.

Inventory:

Hand Weapons
 a - a +0 long sword (weapon)
 i - a +1 dagger of freezing
Armour
 b - a +0 scale mail (worn)
 c - a +0 kite shield
 f - a +0 cloak (worn)
Jewellery
 m - a cursed ring of attention (left hand)
Wands
 q - a wand of paralysis (4)
Scrolls
 e - 2 scrolls of blinking {unknown}
 g - 3 scrolls of teleportation {unknown}
 j - 3 scrolls of identify {unknown}
 l - 4 scrolls of remove curse {unknown}
 p - a scroll of enchant armour {unknown}
Potions
 d - a potion of might
 h - 2 potions of degeneration {unknown}
 k - 3 potions of berserk rage {unknown}
 n - 3 potions of curing {unknown}
 o - 4 potions of heal wounds {unknown}


   Skills:
 + Level 4.0 Fighting
 * Level 3.9 Long Blades
 + Level 3.6 Armour
 - Level 2.6 Shields


You had 4 spell levels left.
You didn't know any spells.
Your spell library was empty.

Dungeon Overview and Level Annotations

Branches:
Dungeon (3/15)

Altars:


Innate Abilities, Weirdness & Mutations

You have a pair of small antennae on your head.
Your flesh is cold resistant. (rC+)
You regenerate a little health from kills.


Message History

The gnoll closely misses you. The gnoll hits you but does no damage.
The gnoll closely misses you.
You see here a bat corpse.
You barely miss the gnoll. The gnoll hits you with a +0 spear.
The gnoll hits you from afar with a +0 halberd.
You hit the gnoll.
The gnoll is lightly wounded.
The gnoll hits you with a +0 spear. The gnoll barely misses you.
The gnoll hits you but does no damage.
You closely miss the gnoll.
The gnoll is lightly wounded.
The gnoll hits you with a +0 spear.
The gnoll hits you from afar with a +0 halberd!
* * * LOW HITPOINT WARNING * * *
You barely miss the gnoll.
The gnoll is lightly wounded.
The gnoll hits you with a +0 spear.
* * * LOW HITPOINT WARNING * * *
The gnoll hits you from afar with a +0 halberd!
You die...

.........# #.# .#
#####..########.# .#
#...........# .#
##.########## .# #.#
##.## #.# ###...####.
#.# #g..#...... #.#
#g#...# #.#### #@##.####
#####....# #)##.gg.#
..........######.#####.#
..........#...##..gg{..#
########..........######
####.[.#...#
#..........#
#.................
#...)......#######


You could see 2 gnolls.

Vanquished Creatures
  A sky beast (D:2)
  Terence (D:1)
  A gnoll (D:3)
  An adder (D:1)
  An ooze (D:2)
  2 worms
  3 leopard geckos
  2 orcs (D:3)
  3 giant cockroaches
  7 goblins
  A hobgoblin (D:1)
  11 kobolds
  A quokka (D:2)
  5 bats
  4 frilled lizards
  10 rats
54 creatures vanquished.

Vanquished Creatures (others)
  14 plants (D:1)
14 creatures vanquished.

Grand Total: 68 creatures vanquished

Notes
Turn   | Place    | Note
-------+----------+-------------------------------------------
     0 | D:1      | Jerry the Demonspawn Fighter began the quest for the Orb.
     0 | D:1      | Reached XP level 1. HP: 18/18 MP: 1/1
   267 | D:1      | Gained mutation: You have a pair of small antennae on your
                  | head. [demonic ancestry]
   267 | D:1      | Reached XP level 2. HP: 20/24 MP: 2/2
  1140 | D:2      | Noticed Terence
  1161 | D:1      | Killed Terence
  1162 | D:1      | Reached XP level 3. HP: 17/29 MP: 3/3
  1549 | D:2      | Gained mutation: Your flesh is cold resistant. (rC+)
                  | [demonic ancestry]
  1549 | D:2      | Reached XP level 4. HP: 33/35 MP: 4/4
  1697 | D:2      | Noticed a sky beast
  1726 | D:2      | Killed a sky beast
  1727 | D:2      | Gained mutation: You regenerate a little health from kills.
                  | [demonic ancestry]
  1727 | D:2      | Reached XP level 5. HP: 8/42 MP: 5/5
  2624 | D:3      | Reached skill level 4 in Fighting
  2633 | D:3      | Mangled by a gnoll

Illustrated notes

Levels and vault maps discovered:
D:1:      dpeg_arrival_radiant, layout_basic, serial_forest,
          infiniplex_forest_straight_3, infiniplex_forest_straight_2,
          infiniplex_forest_clump_medium, infiniplex_forest_clump_long,
          infiniplex_forest_end_2, infiniplex_forest_clump_long,
          corexii_item_surrounded_by_moat, lexackson_kobold_supper
D:2:      layout_rooms, minmay_tetromino_l2, uniq_terence
D:3:      layout_loops_ring, minmay_misc_feat_x

Skill      XL: |  1  2  3  4  5 |
---------------+----------------+-----
Long Blades    | 2 3 |  3.9
Armour         | 3 |  3.6
Fighting       | 4 |  4.0
Shields        | |  2.6

Action                   |  1- 3 |  4- 6 || total
-------------------------+-------+-------++-------
Melee: Long sword        |   123 |    79 ||   202
Armor: Scale mail        |    76 |    49 ||   125
Dodge: Dodged            |    66 |    50 ||   116
       Rpst.: Long sword |    17 |    12 ||    29
